 Dungeon Crawl Stone Soup version 0.26.0-15-gc6cd9f700b (webtiles) character file.

Game seed: 6198151274932730562

40215 teolandon225 the Severer (level 14, -6/127 HPs)
             Began as a Hill Orc Monk on Jan 16, 2021.
             Was the Champion of Beogh.
             Killed from afar by a frost giant (31 damage)
             ... with an exploding inner flame
             ... in an ice cave.
             The game lasted 00:36:34 (22765 turns).

teolandon225 the Severer (Hill Orc Monk)           Turns: 22765, Time: 00:36:34

Health: -6/127     AC: 25    Str: 19    XL:     14   Next: 10%
Magic:  24/24      EV: 10    Int: 10    God:    Beogh [******]
Gold:   1192       SH:  4    Dex: 16    Spells: 13/13 levels left

rFire    x . .     SeeInvis .   U - +0 broad axe
rCold    + . .     Faith    .   Z - +0 buckler
rNeg     . . .     Spirit   .   c - +1 plate armour
rPois    .         Reflect  .   (no helmet)
rElec    .         Harm     .   C - +2 cloak
rCorr    .         Rampage  .   F - +2 pair of gloves {Dex+3}
Will     .....                  b - +1 pair of boots
Stlth    ..........             S - amulet of regeneration
HPRegen  0.71/turn              T - ring of stealth
MPRegen  0.19/turn              s - ring of ice

@: weak-willed
A: walk on water
a: Renounce Religion, Smiting, Recall Orcish Followers, Give Item to Named
Follower, Resurrection


You were in an ice cave.
You worshipped Beogh.
Beogh was exalted by your worship.
You visited 2 branches of the dungeon, and saw 17 of its levels.
You also visited: Ice Cave.

You collected 1192 gold pieces.

Inventory:

Hand Weapons
 a - a +1 hand axe
 f - a +2 war axe
 P - a +3 short sword of freezing
 R - a +4 mace of freezing
 U - a +0 broad axe (weapon)
Missiles
 G - a throwing net (quivered)
Armour
 b - a +1 pair of boots (worn)
 c - a +1 plate armour (worn)
 C - a +2 cloak (worn)
 F - a +2 pair of gloves of dexterity (worn)
 Z - a +0 buckler (worn)
Jewellery
 d - an uncursed ring of positive energy
 l - an uncursed amulet of guardian spirit
 s - a ring of ice (right hand)
 J - an uncursed ring of wizardry
 S - an amulet of regeneration (around neck)
 T - a ring of stealth (left hand)
Wands
 e - a wand of iceblast (22)
 u - a wand of digging (16)
 v - a wand of acid (20)
 A - a wand of polymorph (17)
 H - a wand of paralysis (12)
Scrolls
 k - 2 scrolls of identify
 n - a scroll of blinking {unknown}
 o - 5 scrolls of remove curse
 r - 5 scrolls of amnesia
 y - 3 scrolls of magic mapping
 z - 2 scrolls of silence {unknown}
 B - 3 scrolls of immolation
 K - a scroll of fear
 N - a scroll of vulnerability
Potions
 g - a potion of ambrosia
 h - 2 potions of haste
 i - 3 potions of berserk rage
 j - 3 potions of lignification
 m - 4 potions of curing
 p - a potion of resistance
 w - 4 potions of magic
 D - 3 potions of attraction
 E - 3 potions of mutation
 I - a potion of might
 L - a potion of cancellation
 M - a potion of brilliance
 O - a potion of invisibility
 Q - a potion of flight


   Skills:
 * Level 12.4 Fighting
 - Level 16.0 Axes
 + Level 10.9 Armour
 + Level 8.9 Dodging
 - Level 1.5 Stealth
 * Level 2.0 Shields
 - Level 13.6 Invocations


You had 13 spell levels left.
You didn't know any spells.
Your spell library contained the following spells:

 Spells                   Type           Power        Failure   Level
 Foxfire                  Conj/Fire      0%           100%        1
 Freeze                   Ice            0%           100%        1
 Shock                    Conj/Air       0%           100%        1
 Poisonous Vapours        Pois/Air       0%           100%        2
 Sublimation of Blood     Necr           0%           100%        2
 Swiftness                Air            0%           100%        2
 Confusing Touch          Hex            0%           100%        3
 Conjure Flame            Conj/Fire      0%           100%        3
 Frozen Ramparts          Ice            0%           100%        3
 Gell's Gravitas          Tloc           0%           100%        3
 Ignite Poison            Fire/Tmut/Pois 0%           100%        3
 Inner Flame              Hex/Fire       0%           100%        3
 Mephitic Cloud           Conj/Pois/Air  0%           100%        3
 Ozocubu's Armour         Ice            0%           100%        3
 Static Discharge         Conj/Air       0%           100%        3
 Airstrike                Air            0%           100%        4
 Animate Dead             Necr           0%           100%        4
 Hailstorm                Conj/Ice       0%           100%        4
 Leda's Liquefaction      Hex/Erth       0%           100%        4
 Petrify                  Tmut/Erth      0%           100%        4
 Sticky Flame             Conj/Fire      0%           100%        4
 Summon Ice Beast         Ice/Summ       0%           100%        4
 Alistair's Intoxication  Tmut/Pois      0%           100%        5
 Bolt of Magma            Conj/Fire/Erth 0%           100%        5
 Borgnjor's Vile Clutch   Necr/Erth      0%           100%        5
 Fireball                 Conj/Fire      0%           100%        5
 Irradiate                Conj/Tmut      0%           100%        5
 Lightning Bolt           Conj/Air       0%           100%        5
 Metabolic Englaciation   Hex/Ice        0%           100%        5
 Yara's Violent Unravell  Hex/Tmut       0%           100%        5
 Death Channel            Necr           0%           100%        6
 Eringya's Noxious Bog    Tmut/Pois      0%           100%        6
 Freezing Cloud           Conj/Ice/Air   0%           100%        6
 Iron Shot                Conj/Erth      0%           100%        6
 Simulacrum               Ice/Necr       0%           100%        6
 Statue Form              Tmut/Erth      0%           100%        6
 Shatter                  Erth           0%           100%        9


Dungeon Overview and Level Annotations

Branches:
Dungeon (12/15)            Temple (0/1) D:5            Lair (5/6) D:9
 Shoals (0/4) Lair:4       Spider (0/4) Lair:4        Slime (0/5) Lair:5
    Orc (0/2) D:9           IceCv (1/1)

Altars:
Dithmenos
Fedhas
Makhleb
Okawaru
Ru
Uskayaw
Vehumet
Wu Jian
Zin

Annotations:
D:1 exclusion: downstairs
D:3 exclusion: downstairs
D:7 exclusion: downstairs
Lair:4 2 transporters, Juirae's ghost, journeyman TrMo


Message History

As you read the scroll of fear, it crumbles to dust.
You assume a fearsome visage.
The frost giant easily resists.
The frost giant points at you and mumbles some strange words.
The bolt of cold hits you but does no damage.
As you read the scroll labelled QOREGR UFIHA, it crumbles to dust.
Magic quickly surges around you.
It was a scroll of vulnerability.
You slash the frost giant!
Flame seeps out of the frost giant.
The frost giant is almost dead.
The frost giant is engulfed in blazing flames.
Flame seeps out of the frost giant.
The frost giant closely misses you.
The frost giant is engulfed in blazing flames.
Beogh accepts your kill.
The frost giant explodes!
The fiery explosion engulfs the polar bear!!!
Beogh accepts your kill.
The fiery explosion engulfs the death yak!
Flame seeps out of the death yak.
The death yak is lightly wounded.
The fiery explosion engulfs you!! The fire burns you terribly!
You die...

.### #.###..##
## #.###...##
## #..###...#
.# #..# ##..##
.# ##.# #...#
.# ##..# #...#
## #..##
##..## ## #..#
#####..# .##
##.####..###@#
..###..#
#.⌠###§§#
...#..##
#.Y.##○##
#.....#
#..#..Y#
#....##
##.#..##
##..##
##C##### #..#
#Y##h## ###.#
##.#.Y# .#.##
##.#h.hh..#


You could see a death yak (inner flame).

Vanquished Creatures
  A frost giant (IceCv)
  The ghost of Dunwar the Spear-Bearer, a journeyman GnCK of Xom (Lair:1)
  The ghost of SkeletonJelly the Carver, a novice MiMo of Uskayaw (D:9)
  Pikel (D:9)
  2 slime creatures (D:12)
  Maurice (D:8)
  2 black mambas
  3 elephants (Lair:5)
  An ice statue (IceCv)
  A merfolk siren (Lair:4)
  Maggie (D:7)
  6 cane toads
  A komodo dragon (D:9)
  12 polar bears (IceCv)
  A jumping spider (Lair:4)
  A troll (D:8)
  2 dream sheep (Lair:5)
  A shadow (D:9)
  29 yaks
  3 wraiths (D:11)
  Menkaure (D:7)
  2 water moccasins
  3 sky beasts
  An orc warrior (D:8)
  3 ice beasts
  A black bear (D:9)
  4 ogres
  15 wolves
  7 centaurs
  A lemure (D:9)
  A wyvern zombie (D:10)
  14 bullfrogs
  A wyvern skeleton (D:8)
  4 scorpions
  A troll zombie (D:9)
  13 wights
  5 howler monkeys
  A bullfrog skeleton (D:12)
  6 hounds
  4 centaur skeletons
  5 orc priests
  An iguana (D:7)
  4 jellies
  Crazy Yiuf (D:7)
  6 orc wizards
  5 worker ants
  Terence (D:3)
  3 ogre zombies (D:9)
  2 hound skeletons
  8 gnolls
  5 adders
  3 shadow imps
  2 white imps
  An ufetubus (D:9)
  2 oozes
  An adder skeleton (D:4)
  3 worms
  2 dart slugs
  3 leopard geckos
  18 orcs
  8 bats
  9 giant cockroaches
  5 goblins
  6 hobgoblins
  14 jackals
  4 quokkas
  3 frilled lizards
  A goblin skeleton (D:9)
  2 goblin zombies (D:9)
  A hobgoblin skeleton (D:9)
  12 kobolds
  A leopard gecko skeleton (D:4)
  An orc skeleton (D:9)
  8 orc zombies (D:9)
  A quokka skeleton (D:4)
  A quokka zombie (D:5)
  7 rats
319 creatures vanquished.

Vanquished Creatures (collateral kills)
  Josephine (D:11)
  The ghost of Gadfly the Demon Slayer, a journeyman GrFi of the Shining One (Lair:1)
  The ghost of Xixaub Eqygg the Grappler, a journeyman DrTm of Okawaru (Lair:1)
  8 hydras
  A boulder beetle (Lair:4)
  3 two-headed ogres
  The ghost of lastplaneout the Cleaver, a novice HOFi of Beogh (Lair:1)
  The ghost of Wuochyse the Thaumaturge, a journeyman DEWz of Sif Muna (Lair:1)
  The ghost of Strat the Cleaver, a novice DDFi of Makhleb (D:9)
  Nergalle (Lair:3)
  An unseen horror (D:11)
  A wolf spider (Lair:4)
  An ugly thing (D:11)
  A wolf spider zombie (D:12)
  A cyclops (D:12)
  4 black mambas
  2 merfolk sirens (Lair:4)
  4 elephants (Lair:5)
  6 cane toads
  Psyche (D:11)
  4 komodo dragons
  A merfolk (Lair:4)
  2 jumping spiders (Lair:4)
  A polar bear (Lair:5)
  2 slime creatures (D:12)
  2 dream sheep (Lair:5)
  A hornet (D:10)
  24 yaks
  2 vampires
  A wraith (D:11)
  2 wyverns (D:12)
  3 basilisks
  5 water moccasins
  2 phantoms (D:9)
  8 ice beasts
  12 wolves
  2 ogres
  6 centaurs
  9 bullfrogs
  A scorpion (D:10)
  8 wights
  3 electric eels (Lair:1)
  2 howler monkeys (D:10)
  2 hounds (D:10)
  A quasit (D:10)
  2 centaur zombies (D:12)
  2 orc wizards (D:9)
  An iguana (D:8)
  A worker ant (D:12)
  2 ogre zombies (D:9)
  3 adders
  2 white imps
  An adder zombie (D:9)
  5 orcs
  2 jackals (D:11)
  A goblin zombie (D:9)
  A hobgoblin zombie (D:9)
  4 orc zombies (D:9)
  A quokka skeleton (D:8)
175 creatures vanquished.

Vanquished Creatures (others)
  Sonja (D:11)
  An orc warrior (D:11)
  2 orc priests (D:11)
  A water moccasin (Lair:5)
  3 orc wizards
  13 orcs
  A bush (Lair:5)
  26 fungi
  64 plants
112 creatures vanquished.

Grand Total: 606 creatures vanquished

Notes
Turn   | Place    | Note
-------+----------+-------------------------------------------
     0 | D:1      | teolandon225 the Hill Orc Monk began the quest for the Orb.
     0 | D:1      | Reached XP level 1. HP: 19/19 MP: 1/1
   397 | D:1      | Reached XP level 2. HP: 24/27 MP: 2/2
  1128 | D:1      | Reached XP level 3. HP: 29/33 MP: 3/3
  1168 | D:2      | Reached skill level 1 in Armour
  1591 | D:2      | Reached skill level 5 in Axes
  1666 | D:2      | Reached XP level 4. HP: 40/40 MP: 4/4
  2335 | D:2      | Reached XP level 5. HP: 46/47 MP: 5/5
  2449 | D:2      | Found a burning altar of Makhleb.
  2960 | D:3      | Noticed Terence
  2984 | D:3      | Killed Terence
  3663 | D:4      | Reached skill level 6 in Axes
  3818 | D:3      | Reached XP level 6. HP: 33/53 MP: 6/6
  4668 | D:4      | Found a blossoming altar of Fedhas.
  4739 | D:4      | Noticed a sky beast
  4761 | D:4      | Killed a sky beast
  4762 | D:4      | Reached skill level 5 in Fighting
  4762 | D:4      | Reached skill level 7 in Axes
  5050 | D:4      | Reached XP level 7. HP: 48/61 MP: 7/7
  5340 | D:4      | Found a glowing silver altar of Zin.
  5341 | D:4      | Found an iron altar of Okawaru.
  5342 | D:4      | Found a shadowy altar of Dithmenos.
  5761 | D:5      | Entered Level 5 of the Dungeon
  5976 | D:5      | Found a hide-covered altar of Uskayaw.
  5976 | D:5      | Found a radiant altar of Vehumet.
  6097 | D:5      | Found a staircase to the Ecumenical Temple.
  6261 | D:5      | Became a worshipper of Beogh the Brigand
  6261 | D:5      | Reached * piety under Beogh
  6261 | D:5      | Reached ** piety under Beogh
  6358 | D:5      | Reached skill level 8 in Axes
  6487 | D:5      | Reached XP level 8. HP: 50/70 MP: 8/8
  6620 | D:5      | Found an ornate altar of the Wu Jian Council.
  7170 | D:6      | Reached skill level 9 in Axes
  7696 | D:7      | Noticed Menkaure
  7709 | D:7      | Killed Menkaure
  8147 | D:7      | Reached skill level 5 in Armour
  8188 | D:7      | Reached skill level 10 in Axes
  8263 | D:7      | Reached XP level 9. HP: 78/78 MP: 9/9
  8337 | D:7      | Reached *** piety under Beogh
  8352 | D:7      | Noticed Maggie
  8377 | D:7      | Killed Maggie
  8378 | D:7      | Reached skill level 5 in Dodging
  8880 | D:7      | Found a runed translucent door.
  8881 | D:7      | Noticed Crazy Yiuf
  9190 | D:7      | Killed Crazy Yiuf
  9319 | D:8      | Noticed a troll
  9320 | D:8      | Noticed Maurice
  9327 | D:8      | Killed a troll
  9328 | D:8      | Reached skill level 11 in Axes
  9347 | D:8      | Killed Maurice
 10132 | D:8      | Reached XP level 10. HP: 80/88 MP: 10/10
 10227 | D:8      | Reached skill level 12 in Axes
 10670 | D:9      | Found a shadowy altar of Dithmenos.
 10745 | D:9      | Found a staircase to the Orcish Mines.
 10760 | D:9      | Reached skill level 1 in Invocations
 10762 | D:9      | Reached **** piety under Beogh
 10766 | D:9      | Gained Orik as an ally
 11175 | D:9      | Found a staircase to the Lair.
 11231 | D:9      | Noticed Pikel
 11249 | D:9      | Killed Pikel
 11518 | D:9      | Found a sacrificial altar of Ru.
 11833 | D:9      | Found a runed translucent gate.
 11834 | D:9      | Found a runed translucent gate.
 11835 | D:9      | Found a runed translucent gate.
 11836 | D:9      | Noticed SkeletonJelly's ghost (novice MiMo)
 11837 | D:9      | Noticed Strat's ghost (novice DDFi)
 11906 | D:9      | Killed SkeletonJelly's ghost
 11909 | D:9      | Killed Strat's ghost
 11910 | D:9      | Reached skill level 13 in Axes
 11910 | D:9      | Reached skill level 5 in Invocations
 12023 | D:10     | Entered Level 10 of the Dungeon
 12159 | D:10     | Reached XP level 11. HP: 90/97 MP: 13/15
 12209 | D:10     | Reached ***** piety under Beogh
 12347 | D:10     | Noticed a two-headed ogre
 12354 | D:10     | Killed a two-headed ogre
 13099 | D:11     | Noticed Josephine
 13109 | D:11     | Killed Josephine
 13454 | D:11     | Killed an unseen horror
 13638 | D:11     | Identified the cursed +1 long sword "Pufiqam" {freeze,
                  | Str+7}
 13729 | D:11     | Noticed a purple ugly thing
 13737 | D:11     | Killed a purple ugly thing
 13811 | D:11     | Noticed Psyche
 13819 | D:11     | Killed Psyche
 13931 | D:11     | Reached skill level 14 in Axes
 14030 | D:11     | Noticed Sonja
 14540 | D:11     | Killed Sonja
 15750 | D:12     | Noticed a four-headed hydra
 15754 | D:12     | Killed a five-headed hydra
 15755 | D:12     | Reached skill level 10 in Fighting
 15952 | D:12     | Noticed a two-headed ogre
 15958 | D:12     | Killed a two-headed ogre
 15985 | D:12     | Noticed a two-headed ogre
 15995 | D:12     | Reached XP level 12. HP: 55/106 MP: 9/18
 15997 | D:12     | Killed a two-headed ogre
 16320 | D:12     | Noticed a six-headed hydra
 16326 | D:12     | Killed a six-headed hydra
 16947 | Lair:1   | Entered Level 1 of the Lair of Beasts
 17240 | Lair:1   | Noticed an eight-headed hydra
 17246 | Lair:1   | Killed a ten-headed hydra
 17307 | Lair:1   | Reached skill level 15 in Axes
 17307 | Lair:1   | Reached skill level 10 in Invocations
 17557 | Lair:1   | Noticed a five-headed hydra
 17568 | Lair:1   | Killed a five-headed hydra
 17936 | Lair:1   | Found a runed translucent gate.
 17936 | Lair:1   | Found a runed translucent gate.
 17964 | Lair:1   | Noticed Wuochyse's ghost (journeyman DEWz)
 17965 | Lair:1   | Noticed Xixaub Eqygg's ghost (journeyman DrTm)
 17967 | Lair:1   | Noticed lastplaneout's ghost (novice HOFi)
 17967 | Lair:1   | Noticed Gadfly's ghost (journeyman GrFi)
 17968 | Lair:1   | Noticed Dunwar's ghost (journeyman GnCK)
 17969 | Lair:1   | Found a runed translucent gate.
 18000 | Lair:1   | You fall into a shaft and drop 1 floor!
 18404 | Lair:1   | Killed lastplaneout's ghost
 18409 | Lair:1   | Killed Gadfly's ghost
 18416 | Lair:1   | Killed Dunwar's ghost
 18422 | Lair:1   | Killed Wuochyse's ghost
 18424 | Lair:1   | Killed Xixaub Eqygg's ghost
 18750 | Lair:2   | Noticed a four-headed hydra
 18756 | Lair:2   | Killed a four-headed hydra
 18764 | Lair:2   | Reached XP level 13. HP: 113/116 MP: 21/21
 18919 | Lair:2   | You fall into a shaft and drop 1 floor!
 19221 | Lair:2   | Reached ****** piety under Beogh
 19412 | Lair:2   | Reached skill level 16 in Axes
 19849 | Lair:3   | Reached skill level 10 in Armour
 19947 | Lair:3   | Noticed Nergalle
 19955 | Lair:3   | Killed Nergalle
 20814 | Lair:4   | Noticed Juirae's ghost (journeyman TrMo)
 20916 | Lair:4   | Found a staircase to the Shoals.
 20932 | Lair:4   | Gained Margrim as an ally
 20966 | Lair:4   | Found a transporter.
 20966 | Lair:4   | Found a transporter.
 21065 | Lair:4   | Found a hole to the Spider Nest.
 21416 | Lair:5   | Gained Thorok as an ally
 21472 | Lair:5   | Found a frozen archway.
 21490 | IceCv    | Entered an ice cave
 22017 | IceCv    | Reached XP level 14. HP: 116/126 MP: 24/24
 22438 | IceCv    | Reached skill level 1 in Shields
 22725 | IceCv    | Noticed a frost giant
 22765 | IceCv    | Killed a frost giant
 22765 | IceCv    | Killed from afar by a frost giant

Illustrated notes

Levels and vault maps discovered:
D:1:      minmay_arrival_loop, layout_basic, chequers_hall_statues_wall_a,
          minmay_misc_feat_four_crosses
D:2:      layout_basic, bloody_makhleb
D:3:      layout_rooms, serial_corexii_hall, chequers_hall_statues_wall_a,
          chequers_hall_statues_y, corexii_hall_statues_l, uniq_terence
D:4:      layout_layer_cave, grunt_temple_overflow_open, fedhas_altar_4
D:5:      layout_basic, nzn_wu_jian_contemplation,
          gammafunk_temple_overflow_pools, minmay_temple_entry_grid
D:6:      layout_basic
D:7:      layout_basic, uniq_crazy_yiuf_cottage, uniq_maggie, uniq_menkaure
D:8:      layout_rooms, lightli_ossuary_entry_decrepit_ruins, grunt_ogre_cave,
          uniq_maurice
D:9:      layout_roguey, david_lair_shrubbed, zombieorc1_lemuel,
          gammafunk_ghost_cemetery, basic_altar, grunt_dithmenos_shadows,
          uniq_pikel
D:10:     layout_basic
D:11:     layout_loops_corners, grunt_decor_arrowhead, uniq_sonja,
          uniq_josephine, uniq_psyche
D:12:     layout_irregular_city, kennysheep_generic_room_12
Lair:1:   layout_chaotic_city, gammafunk_ghost_cemetery, dpeg_stationary_puzzle,
          grunt_megastairs_1, infiniplex_staircase_pool
Lair:2:   layout_cave_pods
Lair:3:   layout_regular_city, uniq_nergalle
Lair:4:   layout_cave_shapes, elwin_shoals_entry_stream,
          spider_nest_entry_funnel_web, gammafunk_ghost_hive
Lair:5:   layout_layer_cave, minmay_slime_entry_oklob_enclosed,
          portal_ice_cave_entry_ice_beasts, gammafunk_ghost_wrathful_warriors,
          grunt_megastairs_3, uniq_nessos
IceCv:    ice_cave_caverns_01

Skill      XL: |  1  2  3  4  5  6  7  8  9 10 11 12 13 14 |
---------------+-------------------------------------------+-----
Fighting       | 4 5 6 8 9 10 11 12 | 12.4
Armour         | 1 2 3 5 6 7 8 9 10 | 10.9
Axes           | 5 6 7 8 10 11 13 14 15 16 | 16.0
Dodging        | 3 4 5 6 7 8 |  8.9
Invocations    | 5 8 11 13 | 13.6
Shields        | 2 |  2.0
Stealth        | |  1.5

Action                   |  1- 3 |  4- 6 |  7- 9 | 10-12 | 13-15 || total
-------------------------+-------+-------+-------+-------+-------++-------
Melee: Hand axe          |   114 |   241 |    27 |       |       ||   382
       War axe           |       |       |   332 |   554 |     1 ||   887
       Unarmed           |       |       |    12 |       |       ||    12
       Broad axe         |       |       |       |       |   500 ||   500
Invok: Convert to Beogh  |       |       |     1 |       |       ||     1
       Recall Orcish Fol |       |       |       |     9 |     5 ||    14
       Give Item to Name |       |       |       |     1 |       ||     1
       Stop Recall       |       |       |       |     1 |       ||     1
Evoke: Wand              |       |       |       |       |     1 ||     1
  Use: Scroll            |       |     6 |     6 |    11 |     6 ||    29
       Potion            |       |     1 |     2 |     5 |     3 ||    11
 Stab: Confused          |       |       |     2 |       |       ||     2
       Distracted        |       |       |       |    11 |     2 ||    13
Armor: Plate armour      |   141 |   134 |   221 |   400 |   384 ||  1280
       Robe              |     1 |       |       |       |       ||     1
       Skin              |       |     8 |       |       |       ||     8
Dodge: Dodged            |    49 |    43 |   108 |   275 |   300 ||   775
Block: Buckler           |       |       |       |       |    26 ||    26
